AoeStats
← Atmaca3307

Arabian Desert

510493419Analyzed
1v1 RM · 2d ago on Oct 1, 2026· 50m 57s· 2 players
Game mode
Random Map
Map size
Tiny (2 player)
Population
200
Speed
Normal
Resources
Standard
Victory
Conquest
Starting age
Dark Age
Ending age
Imperial Age
RankedLock teamsTeams togetherTeam positionsShared explorationLock speedFull tech treeHidden civsTurbo modeCheats
Victory
Defeat
🇹🇷 Huns · Türkiye
276
+9
🇫🇷 Spanish · France
126
-9
Valahryan
0:27 Loom
16:43 Feudal Age
17:27 Horse Collar
17:35 Double-Bit Axe
17:51 Gold Mining
17:59 Stone Mining
22:04 Wheelbarrow
26:51 Castle Age
26:49 Arson
26:24 Man-at-Arms
27:16 Bloodlines
28:37 Stone Shaft Mining
28:17 Bow Saw
29:06 Husbandry
29:26 Gambesons
29:42 Squires
31:59 Long Swordsman
36:44 Hand Cart
43:31 Imperial Age
41:15 Inquisition
42:36 Thumb Ring
43:58 Two-Handed Swordsman
45:00 Conscription
44:17 Heavy Mounted Crossbowman
45:46 Cavalier
48:08 Padded Archer Armor
47:58 Fletching
48:19 Forging
48:09 Scale Mail Armor
Atmaca3307
11:35 Feudal Age
12:06 Double-Bit Axe
13:12 Wheelbarrow
14:33 Horse Collar
16:10 Bloodlines
19:37 Gold Mining
20:28 Stone Mining
22:09 Horse Collar
23:30 Scale Mail Armor
24:38 Scale Barding Armor
26:13 Forging
25:54 Fletching
26:04 Padded Archer Armor
30:03 Castle Age
30:16 Light Cavalry
31:00 Husbandry
31:19 Hand Cart
31:29 Bow Saw
32:00 Gold Shaft Mining
33:50 Chain Mail Armor
33:55 Chain Barding Armor
35:23 Iron Casting
36:06 Leather Archer Armor
35:47 Bodkin Arrow
36:16 Ballistics
35:52 Murder Holes
36:08 Masonry
43:44 Imperial Age
44:22 Cavalier
44:29 Hussar
46:42 Plate Barding Armor
47:08 Blast Furnace
46:09 Bracer
46:09 Paladin
Connection lost

Rejoining the realm…

Still unreachable

The connection could not be restored.

Session expired

The server has moved on; the page needs a fresh start.